 Dungeon Crawl Stone Soup version 0.31-a0-1074-g0b22e4e0f1 (webtiles) character file.

Game seed: 7655813124213922456

8598 IdlyInterested the Fighter (level 11, 0/101 HPs)
             Began as a Demonspawn Fighter on Dec 1, 2023.
             Succumbed to a water moccasin's poison
             ... on level 9 of the Dungeon.
             The game lasted 00:27:45 (9523 turns).

IdlyInterested the Fighter (Demonspawn Fighter)     Turns: 9523, Time: 00:27:46

Health: 0/101      AC: 24    Str: 16    XL:     11   Next: 12%
Magic:  2/23       EV:  5    Int: 10    God:
Gold:   694        SH:  9    Dex: 17    Spells: 10/10 levels left

rFire   + . .        Y - +0 long sword (elec)
rCold   . . .        F - +0 kite shield "Zilynalei" {rN+}
rNeg    + + +        O - +0 plate armour
rPois   +            Q - +1 hat {Stlth+}
rElec   .            t - +2 cloak
rCorr   .            b - +2 pair of gloves
SInv    .            C - +2 pair of boots
Will    .....        i - amulet "Ziaz" {Spirit rF+ rN++} Stlth
                     h - ring of magical power
HPRegen 0.36/turn    P - ring of poison resistance
MPRegen 0.18/turn

%: guardian spirit
@: mighty, lethally poisoned (0 -> -5), hasted, very quick
A: horns 2, thin metallic scales 1, ignite blood 1, powered by pain 2
a: no special abilities


You were on level 9 of the Dungeon.
You visited 2 branches of the dungeon, and saw 12 of its levels.
You also visited: Sewer.

You collected 694 gold pieces.

Inventory:

Hand Weapons
 a - a +2 dagger of flaming
 m - a +2 short sword of venom
 v - a +0 long sword
 J - a +0 flail of pain
 L - a +6 spear of freezing
 V - a +3 long sword
 W - a +2 flail
 Y - a +0 long sword of electrocution (weapon)
Missiles
 j - 49 stones (quivered)
 o - 8 boomerangs
 M - a curare-tipped dart
 N - 8 poisoned darts
 S - 2 throwing nets
Armour
 b - a +2 pair of gloves (worn)
 c - a +1 buckler
 l - a scarf of invisibility
 t - a +2 cloak (worn)
 C - a +2 pair of boots (worn)
 F - the +0 kite shield "Zilynalei" (worn) {rN+}
   (You found it on level 5 of the Dungeon)

   rN+:       It protects you from negative energy.
 O - a +0 plate armour (worn)
 Q - a +1 hat of stealth (worn)
Magical Staves
 f - a staff of poison
Jewellery
 h - a ring of magical power (left hand)
 i - the amulet "Ziaz" (around neck) {Spirit rF+ rN++}
   (You acquired it on level 3 of the Dungeon)

   [amulet of guardian spirit]

   Spirit:    It causes incoming damage to be divided between your reserves of
   health and magic.
   rF+:       It protects you from fire.
   rN++:      It greatly protects you from negative energy.
 E - a ring of protection from fire
 I - an amulet of the acrobat
 P - a ring of poison resistance (right hand)
Wands
 G - a wand of acid (6)
 R - a wand of flame (19)
 X - a wand of iceblast (6)
Scrolls
 e - a scroll of noise
 k - 2 scrolls of poison
 p - 2 scrolls of fear
 r - 8 scrolls of teleportation
 u - a scroll of silence
 w - a scroll of vulnerability
 y - 4 scrolls of immolation
 B - 2 scrolls of identify
 K - 2 scrolls of amnesia
 T - 2 scrolls of enchant armour
 U - a scroll of enchant weapon
Potions
 d - 2 potions of might
 g - 2 potions of lignification
 n - a potion of heal wounds {unknown}
 q - 3 potions of curing
 s - a potion of ambrosia {unknown}
 z - 6 potions of enlightenment
 A - 2 potions of attraction
 D - a potion of mutation {unknown}
 H - a potion of berserk rage {unknown}


   Skills:
 * Level 14.7 Fighting
 - Level 1.7 Short Blades
 - Level 2.0 Throwing
 - Level 5.0 Armour
 - Level 5.0 Dodging
 + Level 4.0 Shields
 - Level 4.0 Invocations
 - Level 2.0 Evocations


You had 10 spell levels left.
You didn't know any spells.
Your spell library contained the following spells:

 Spells                   Type           Power      Damage    Failure   Level
 Apportation              Tloc           0%         N/A       100%        1
 Magic Dart               Conj           0%         1d3       100%        1
 Necrotise                Necr           0%         1d4       100%        1
 Jinxbite                 Hex            0%         N/A       100%        2
 Lesser Beckoning         Tloc           0%         N/A       100%        2
 Searing Ray              Conj           0%         2d4       100%        2
 Sublimation of Blood     Necr           0%         N/A       100%        2
 Gell's Gravitas          Tloc           0%         N/A       100%        3
 Teleport Other           Tloc           0%         N/A       100%        3
 Vampiric Draining        Necr           0%         2d6       100%        3
 Fulminant Prism          Conj/Hex       0%         3d5       100%        4
 Petrify                  Tmut/Erth      0%         N/A       100%        4
 Agony                    Necr           0%         N/A       100%        5
 Alistair's Intoxication  Tmut/Pois      0%         N/A       100%        5
 Irradiate                Conj/Tmut      0%         3d11      100%        5


Dungeon Overview and Level Annotations

Branches:
Dungeon (11/15)            Temple (1/1) D:7             Orc (0/2) D:11
  Sewer (visited)
   Lair: D:8-11

Altars:
Ashenzari
Cheibriados
Dithmenos
Fedhas
Gozag
Hepliaklqana
Kikubaaqudgha
Makhleb
Nemelex Xobeh
Okawaru
Qazlal
Ru
Sif Muna
Trog
Uskayaw
Vehumet
Wu Jian
Xom
Yredelemnul


Innate Abilities, Weirdness & Mutations

You have a pair of horns on your head.
You are partially covered in thin metallic scales. (AC +2)
Your demonic aura sometimes causes spilled blood to erupt in flames.
You sometimes gain power by taking damage.


Message History

You feel very sick.
The water moccasin bites you but does no damage.
The gnoll hits you from afar with a +0 spear.
The water moccasin bites you but does no damage.
The yak attacks as it pursues you! You block the yak's attack.
You block the gnoll sergeant's attack. The gnoll hits you but does no damage.
The yak gores you but does no damage. You block the water moccasin's attack.
You feel yourself speed up.
You feel very sick. You block the water moccasin's attack.
The water moccasin bites you but does no damage. x2
The gnoll hits you but does no damage. The gnoll hits you with a +0 spear.
* * * LOW HITPOINT WARNING * * *
The water moccasin bites you.
* * * LOW HITPOINT WARNING * * *
The yak completely misses you. You block the gnoll sergeant's attack.
The gnoll sergeant blocks your attack. x2
You feel very sick. The water moccasin bites you!
* * * LOW HITPOINT WARNING * * *
The water moccasin bites you but does no damage.
You block the water moccasin's attack. You block the gnoll's attack.
You block the yak's attack.
The gnoll sergeant hits you but does no damage.
The water moccasin bites you but does no damage.
The yak gores you!
* * * LOW HITPOINT WARNING * * *
The water moccasin bites you but does no damage.
You hit the gnoll sergeant. The gnoll sergeant blocks your attack.
The gnoll sergeant is moderately wounded.
* * * LOW HITPOINT WARNING * * *
You feel sick.
You block the water moccasin's attack. x2
You block the wyvern's attack. The gnoll hits you but does no damage.
The gnoll sergeant hits you but does no damage.
The gnoll hits you from afar with a +0 spear.
The yak gores you but does no damage. The water moccasin barely misses you.
The yak gores you but does no damage. The gnoll sergeant blocks your attack.
You headbutt the gnoll sergeant.
The gnoll sergeant is moderately wounded.
You die... ..+ P... ....# .....###### ..........# ..........# ......gYY.# .P...gS@Y?# .PP..glSSS#

.......l..#
...♣P.....#
......[...#
....#.....#
...####...#
.## #.<.#
.............#


You could see 3 yaks, 4 water moccasins, 2 wyverns, a gnoll sergeant and 2
gnolls.

Vanquished Creatures
  Gastronok (D:8)
  A two-headed ogre (D:10)
  A cyclops (D:10)
  A hornet (D:6)
  Grinder (D:3)
  16 yaks
  3 wargs (D:11)
  3 water moccasins
  An orc warrior (D:10)
  3 sky beasts
  5 ice beasts
  2 ogres
  4 centaurs
  A phantom (D:3)
  A kobold brigand (D:7)
  4 bullfrogs
  A gnoll sergeant (D:6)
  A scorpion (D:7)
  8 wights
  2 jellies (D:6)
  6 hounds
  A gnoll bouda (D:8)
  3 orc priests
  2 iguanas
  A sleepcap (D:7)
  Terence (D:3)
  5 orc wizards
  A sickly merfolk siren (Sewer)
  A malarious merfolk avatar (Sewer)
  8 adders
  11 gnolls
  3 river rats (Sewer)
  2 shadow imps (D:6)
  A white imp (D:7)
  2 ufetubi (D:5)
  A worm (D:2)
  2 dart slugs (D:1)
  28 orcs
  7 ball pythons
  5 endoplasms
  6 giant cockroaches (Sewer)
  4 goblins
  5 hobgoblins
  4 jackals (D:3)
  6 quokkas
  4 bats
  9 frilled lizards
  13 kobolds
  33 rats
235 creatures vanquished.

Notes
Turn   | Place    | Note
-------+----------+-------------------------------------------
     0 | D:1      | IdlyInterested the Demonspawn Fighter began the quest for
                  | the Orb.
     0 | D:1      | Reached XP level 1. HP: 18/18 MP: 1/1
   439 | D:1      | Gained mutation: Your demonic aura sometimes causes spilled
                  | blood to erupt in flames. [demonic ancestry]
   439 | D:1      | Reached XP level 2. HP: 22/24 MP: 2/2
   607 | D:1      | Found a faded altar of an unknown god.
   953 | D:1      | Found a basalt altar of Yredelemnul.
  1280 | D:2      | Gained mutation: You have a pair of small horns on your
                  | head. [demonic ancestry]
  1280 | D:2      | Reached XP level 3. HP: 9/30 MP: 3/3
  1402 | D:2      | Reached skill level 4 in Fighting
  2168 | D:3      | Identified a scroll of acquirement
  2168 | D:3      | Acquired the amulet "Ziaz" {Spirit rF+ rN++}
  2273 | D:3      | Gained mutation: You are partially covered in thin metallic
                  | scales. (AC +2) [demonic ancestry]
  2273 | D:3      | Reached XP level 4. HP: 37/38 MP: 4/4
  2323 | D:3      | Noticed a phantom
  2335 | D:3      | Killed a phantom
  2336 | D:3      | Reached skill level 5 in Fighting
  2336 | D:3      | Reached skill level 1 in Dodging
  2336 | D:3      | Reached XP level 5. HP: 43/44 MP: 5/5
  2361 | D:3      | Found a glowing drain.
  2374 | Sewer    | Entered a sewer
  2792 | Sewer    | Reached XP level 6. HP: 51/52 MP: 6/6
  3278 | D:3      | Noticed Terence
  3294 | D:3      | Reached skill level 6 in Fighting
  3301 | D:3      | Killed Terence
  3457 | D:3      | Noticed Grinder
  3479 | D:3      | Paralysed by Grinder for 4 turns
  3495 | D:3      | Killed Grinder
  3496 | D:3      | Reached skill level 7 in Fighting
  3496 | D:3      | Gained mutation: You sometimes gain a little power by
                  | taking damage. [demonic ancestry]
  3496 | D:3      | Reached XP level 7. HP: 55/60 MP: 7/7
  4087 | D:4      | Reached skill level 1 in Throwing
  4315 | D:4      | Reached skill level 1 in Evocations
  4785 | D:5      | Entered Level 5 of the Dungeon
  4830 | D:5      | Reached skill level 8 in Fighting
  4830 | D:5      | Reached skill level 1 in Invocations
  4840 | D:5      | Found a sparkling altar of Nemelex Xobeh.
  5092 | D:5      | Gained mutation: You have a pair of horns on your head.
                  | [demonic ancestry]
  5092 | D:5      | Reached XP level 8. HP: 59/69 MP: 9/9
  5171 | D:5      | Identified the +0 kite shield "Zilynalei" {rN+}
  5883 | D:6      | Reached skill level 9 in Fighting
  5990 | D:6      | Noticed a hornet
  5995 | D:6      | Killed a hornet
  6012 | D:6      | Reached skill level 10 in Fighting
  6088 | D:6      | Reached XP level 9. HP: 69/78 MP: 10/10
  6275 | D:6      | HP: 3/79 [wight/+6 spear of freezing (2)]
  6489 | D:6      | Found an iron altar of Okawaru.
  6489 | D:6      | Found an ancient bone altar of Kikubaaqudgha.
  6883 | D:7      | Reached skill level 11 in Fighting
  6917 | D:7      | Found a staircase to the Ecumenical Temple.
  6936 | Temple   | Entered the Ecumenical Temple
  6959 | D:7      | Identified the +9 orcbow "Asyqef" {antimagic, rN+ Will+
                  | Dex+2}
  7630 | D:7      | Found a hazy altar of Hepliaklqana.
  7767 | D:8      | Noticed Gastronok
  7767 | D:8      | Found an ornate altar of the Wu Jian Council.
  7789 | D:8      | Killed Gastronok
  7790 | D:8      | Reached skill level 12 in Fighting
  7790 | D:8      | Reached XP level 10. HP: 27/91 MP: 9/11
  8170 | D:8      | Reached skill level 13 in Fighting
  8215 | D:8      | You fall into a shaft and drop 3 floors!
  8263 | D:11     | Found a staircase to the Orcish Mines.
  8366 | D:10     | Entered Level 10 of the Dungeon
  8593 | D:10     | Noticed a cyclops
  8604 | D:10     | Killed a cyclops
  8671 | D:10     | Reached skill level 14 in Fighting
  8677 | D:10     | Reached skill level 5 in Armour
  8677 | D:10     | Noticed a two-headed ogre
  8685 | D:10     | Killed a two-headed ogre
  9101 | D:8      | Gained mutation: You sometimes gain power by taking damage.
                  | [demonic ancestry]
  9101 | D:8      | Reached XP level 11. HP: 87/101 MP: 14/14
  9517 | D:9      | Reached skill level 5 in Dodging
  9521 | D:9      | HP: 3/101 [yak (8)]
  9523 | D:9      | Succumbed to a water moccasin's poison

Illustrated notes

Levels and vault maps discovered:
D:1:      dpeg_arrival_lava_altar, layout_basic,
          hellmonk_ecumenical_altar_defaced_shrine
D:2:      layout_loops_ring
D:3:      layout_basic, portal_sewer_entry_d, uniq_grinder, uniq_terence
D:4:      layout_loops_ring, dreamdust_gnoll_farm
D:5:      layout_loops_ring, mainiacjoe_overflow_surrounded_room
D:6:      layout_rooms, jmf_multi_god_temple, minmay_pentangle
D:7:      layout_loops_ring, worldfamousw_hep_ancestral_shrine,
          minmay_temple_entry_statues_fountains
D:8:      layout_loops_cross, nzn_wu_jian_contemplation, minmay_misc_feat_rows,
          uniq_gastronok
D:9:      layout_stronghold, minmay_lair_entry_grove,
          gammafunk_ghost_nasty_kobolds, nicolae_elevator_lobby_plus,
          uniq_maggie
D:10:     layout_irregular_city
D:11:     layout_roguey [special_room_bee], minmay_orc_entry_guard_dogs
Temple:   nicolae_temple_bog_church

Skill      XL: |  1  2  3  4  5  6  7  8  9 10 11 |
---------------+----------------------------------+-----
Armour         | 3 4 5 |  5.0
Fighting       | 4 5 7 8 10 12 14 | 14.7
Shields        | 3 4 |  4.0
Dodging        | 1 2 3 4 5 |  5.0
Throwing       | 1 2 |  2.0
Evocations     | 1 2 |  2.0
Invocations    | 2 4 |  4.0
Short Blades   | |  1.7

Action                     |  1- 3 |  4- 6 |  7- 9 | 10-12 || total
---------------------------+-------+-------+-------+-------++-------
  Melee: Rapier            |   146 |       |       |       ||   146
         Long sword        |    13 |   206 |   105 |    53 ||   377
         Headbutt          |     8 |    29 |    80 |    59 ||   176
         Short sword       |       |       |   141 |       ||   141
         Spear             |       |       |    86 |   146 ||   232
  Throw: Stone             |       |       |     8 |    10 ||    18
    Use: Scroll            |     6 |     2 |     3 |     2 ||    13
         Potion            |     1 |       |     4 |     3 ||     8
 Armour: Scale mail        |   102 |   162 |   236 |       ||   500
         Plate armour      |       |       |    25 |   295 ||   320
  Dodge: Dodged            |    55 |   113 |   119 |    42 ||   329
  Block: Buckler           |    33 |    71 |    25 |       ||   129
         Kite shield       |       |       |   139 |   122 ||   261

Table legend: (Time is in decaauts)
 A = Elapsed time spent in this place.
 B = Non-inter-level travel time spent in this place.
 C = Inter-level travel time spent in this place.
 D = Time resting spent in this place.
 E = Time spent auto-exploring this place.
 F = Levels seen in this place.
 G = Mean time per level.
                   A        B        C        D        E       F      G
               +--------+--------+--------+--------+--------+-----+--------+
         Total |   9811 |   9217 |    594 |   1366 |   5128 |  13 |  754.7 |
       Dungeon |   9197 |   8603 |    594 |   1229 |   5109 |  11 |  836.1 |
        Temple |     13 |     13 |      0 |      0 |     12 |   1 |   13.0 |
         Sewer |    600 |    600 |      0 |    137 |      7 |   1 |  600.0 |
               +--------+--------+--------+--------+--------+-----+--------+

Top non-repeatable levels by time:
     D:6: 1311 daAuts
     D:2: 1213 daAuts
     D:3: 1169 daAuts
     D:8: 1072 daAuts
     D:1: 1026 daAuts
     D:4: 980 daAuts
     D:7: 912 daAuts
     D:5: 759 daAuts
   Sewer: 600 daAuts
    D:10: 548 daAuts
    D:11: 157 daAuts
     D:9: 47 daAuts
  Temple: 13 daAuts
